 Dungeon Crawl Stone Soup version 0.25.1-2-g60ff931df9 (webtiles) character file.

Game seed: 16071536188224530223

3418 mguidial the Prestidigitator (level 10, -6/74 HPs)
             Began as a Gnoll Artificer on Aug 6, 2020.
             Was a Follower of Wu Jian.
             Mangled by a red ugly thing (21 damage)
             ... on level 7 of the Dungeon on Aug 10, 2020.
             The game lasted 01:15:48 (10582 turns).

mguidial the Prestidigitator (Gnoll Artificer)     Turns: 10582, Time: 01:15:49

Health: -6/74      AC: 10    Str: 17    XL:     10   Next: 5%
Magic:  17/17      EV: 15    Int: 15    God:    Wu Jian [*.....]
Gold:   223        SH:  0    Dex: 15    Spells: 18/18 levels left

rFire    . . .     SeeInvis +   K - +4 falchion (protect)
rCold    . . .     Gourm    .   (no shield)
rNeg     . . .     Faith    .   F - +1 ring mail "Otreafim" {rElec SInv}
rPois    .         Spirit   .   (no helmet)
rElec    +         Reflect  .   (no cloak)
rCorr    .         Harm     .   D - +1 pair of gloves
MR       .....                  I - +0 pair of boots
Stlth    ++++......             (no amulet)
HPRegen  0.22/turn              r - ring of stealth
MPRegen  0.15/turn              s - ring of stealth

@: about to teleport
A: distributed training, fangs 1, strong nose
a: Renounce Religion


You were on level 7 of the Dungeon.
You worshipped Wu Jian.
Wu Jian was aware of your devotion.
You were not hungry.

You visited 2 branches of the dungeon, and saw 8 of its levels.

You collected 223 gold pieces.

Inventory:

Hand Weapons
 a - a +0 short sword
 k - a +0 flail of draining
 l - a +3 short sword
 B - a +2 whip of venom
 E - the +0 glaive of Petouscha {vorpal, rF++ rC++ Int-4}
   (You found it on level 4 of the Dungeon)

   It inflicts extra damage upon your enemies.
   It affects your intelligence (-4).
   It greatly protects you from fire.
   It greatly protects you from cold.
 G - a +1 halberd of protection
 K - a +4 falchion of protection (weapon)
Missiles
 m - 24 poisoned darts (quivered)
 o - 77 stones
 M - 2 javelins
Armour
 b - a +0 leather armour
 D - a +1 pair of gloves (worn)
 F - the +1 ring mail "Otreafim" (worn) {rElec SInv}
   (You found it on level 4 of the Dungeon)

   It insulates you from electricity.
   It lets you see invisible.
 I - a +0 pair of boots (worn)
Magical Staves
 u - an uncursed staff of wizardry {unknown}
Jewellery
 r - a ring of stealth (left hand)
 s - a ring of stealth (right hand)
 t - an uncursed ring of stealth
 A - an uncursed ring of magical power {unknown}
 S - an uncursed ring of stealth
Wands
 c - a wand of flame (3)
 d - a wand of enslavement (1)
 e - a wand of random effects (46)
 R - a wand of acid (9)
Scrolls
 i - 3 scrolls of teleportation
 j - a scroll of magic mapping {unknown}
 n - a scroll of fog
 q - a scroll of random uselessness {unknown}
 x - a scroll of blinking {unknown}
 y - 5 scrolls of immolation
 z - 3 scrolls of remove curse
 C - a scroll of fear {unknown}
 H - 2 scrolls of identify
 N - a scroll of torment {unknown}
 O - a scroll of enchant weapon {unknown}
Potions
 g - a potion of heal wounds
 h - 2 potions of flight
 p - 2 potions of might
 v - a potion of curing
 w - a potion of brilliance {unknown}
 J - a potion of berserk rage {unknown}
 L - 3 potions of lignification {unknown}
Miscellaneous
 T - a tin of tremorstones (3/3)
Comestibles
 f - 23 rations


   Skills:
 + Level 5.5 Fighting
 + Level 5.5 Short Blades
 + Level 4.8 Long Blades
 + Level 4.8 Axes
 + Level 4.8 Maces & Flails
 + Level 4.8 Polearms
 + Level 4.8 Staves
 + Level 4.8 Slings
 + Level 4.8 Bows
 + Level 4.8 Crossbows
 + Level 4.8 Throwing
 + Level 4.8 Armour
 + Level 6.7 Dodging
 + Level 5.4 Stealth
 + Level 4.8 Shields
 + Level 4.8 Unarmed Combat
 + Level 4.8 Spellcasting
 + Level 3.9 Conjurations
 + Level 3.9 Hexes
 + Level 3.9 Charms
 + Level 3.9 Summonings
 + Level 3.9 Necromancy
 + Level 3.9 Translocations
 + Level 3.9 Transmutations
 + Level 3.9 Fire Magic
 + Level 3.9 Ice Magic
 + Level 3.9 Air Magic
 + Level 3.9 Earth Magic
 + Level 3.9 Poison Magic
 + Level 5.2 Invocations
 + Level 8.2 Evocations


You had 18 spell levels left.
You didn't know any spells.
Your spell library was empty.

Dungeon Overview and Level Annotations

Branches:
Dungeon (7/15)             Temple (1/1) D:5

Altars:
Ashenzari
Cheibriados
Dithmenos
Elyvilon
Gozag
Hepliaklqana
Kikubaaqudgha
Makhleb
Nemelex Xobeh
Okawaru
Qazlal
Ru
Sif Muna
Trog
Uskayaw
Vehumet
Wu Jian
Xom
Zin
The Shining One


Innate Abilities, Weirdness & Mutations

Your experience applies equally to all skills.
You have very sharp teeth.
Your uncanny sense of smell can sniff out nearby items.


Message History

You see here a poisoned dart.
The red ugly thing gurgles horribly!
You closely miss the red ugly thing.
You bite the red ugly thing, but do no damage.
The red ugly thing closely misses you.
You slash the red ugly thing!
Your weapon exudes an aura of protection.
The red ugly thing is lightly wounded.
The red ugly thing claws you but does no damage. x2
You closely miss the red ugly thing.
The red ugly thing is lightly wounded.
The red ugly thing claws you!
You are engulfed in flames!
* * * LOW HITPOINT WARNING * * *
You are too injured to fight recklessly!
You see here a poisoned dart.
As you read the scroll of teleportation, it crumbles to dust.
You feel strangely unstable. The red ugly thing claws you.
* * * LOW HITPOINT WARNING * * *
You are engulfed in flames!!
You die...

#.# #.# #....# #.# #.# #..###
######.####.#####.)..#
#................÷÷..#
#.###############..### ####
##.# ..... #####.##
###.#.############......##
............u@)..........#
#####..#)....#######....##
###(.#.#.#P....#.#.## #### #.
##.#.#.#.###.#.#.####.#. .#
.. #(#...'.#.u.#.#......÷.
..##.##..|#.#.###.#.#.#####.#
#.#..#.#.#.#.....#.#.## #.#
#....(#.#.#######....# #.#
#..(#.#.............####.#


You could see a red ugly thing.

Vanquished Creatures
  A two-headed ogre (D:7)
  A spriggan (D:7)
  A vampire mosquito (D:7)
  2 orc warriors (D:7)
  2 ice beasts
  2 phantoms
  A black bear (D:7)
  A centaur (D:6)
  An ogre (D:6)
  A gnoll sergeant (D:3)
  4 bullfrogs
  4 howler monkeys
  12 orcs
  4 crimson imps
  3 hounds
  4 gnoll shamans
  A jelly (D:6)
  A bullfrog skeleton (D:7)
  2 iguanas (D:7)
  2 orc wizards
  Ijyb (D:3)
  Natasha (D:1)
  A worker ant zombie (D:7)
  8 adders
  39 gnolls
  A shadow imp (D:7)
  An ooze (D:2)
  2 adder skeletons
  5 worms
  2 dart slugs
  3 leopard geckos
  A ball python (D:2)
  7 giant cockroaches
  4 goblins
  3 hobgoblins
  21 jackals
  4 kobolds
  2 quokkas
  7 bats
  5 frilled lizards
  A jackal skeleton (D:6)
  A quokka zombie (D:6)
  4 rats (D:3)
174 creatures vanquished.

Vanquished Creatures (collateral kills)
  Terence (D:3)
  3 orc wizards (D:2)
  An adder (D:2)
  An orc (D:2)
  A frilled lizard (D:2)
7 creatures vanquished.

Vanquished Creatures (others)
  A gnoll (D:3)
  A goblin (D:2)
  A hobgoblin (D:2)
  A jackal (D:3)
  A quokka (D:4)
  7 plants (D:7)
12 creatures vanquished.

Grand Total: 193 creatures vanquished

Notes
Turn   | Place    | Note
-------+----------+-------------------------------------------
     0 | D:1      | mguidial the Gnoll Artificer began the quest for the Orb.
     0 | D:1      | Reached XP level 1. HP: 17/17 MP: 4/4
   353 | D:1      | Reached XP level 2. HP: 23/23 MP: 6/6
  1149 | D:2      | Noticed Natasha
  1188 | D:1      | Killed Natasha
  1188 | D:1      | Reached XP level 3. HP: 23/28 MP: 7/7
  1213 | D:1      | Reached skill level 1 in Invocations
  1585 | D:2      | Reached skill level 1 in Long Blades
  1585 | D:2      | Reached skill level 1 in Axes
  1585 | D:2      | Reached skill level 1 in Maces & Flails
  1585 | D:2      | Reached skill level 1 in Polearms
  1585 | D:2      | Reached skill level 1 in Staves
  1585 | D:2      | Reached skill level 1 in Slings
  1585 | D:2      | Reached skill level 1 in Bows
  1585 | D:2      | Reached skill level 1 in Crossbows
  1585 | D:2      | Reached skill level 1 in Throwing
  1585 | D:2      | Reached skill level 1 in Armour
  1585 | D:2      | Reached skill level 1 in Shields
  1585 | D:2      | Reached skill level 1 in Unarmed Combat
  1585 | D:2      | Reached skill level 1 in Spellcasting
  1671 | D:2      | Reached XP level 4. HP: 34/34 MP: 8/8
  1683 | D:2      | Reached skill level 1 in Conjurations
  1683 | D:2      | Reached skill level 1 in Hexes
  1683 | D:2      | Reached skill level 1 in Charms
  1683 | D:2      | Reached skill level 1 in Summonings
  1683 | D:2      | Reached skill level 1 in Necromancy
  1683 | D:2      | Reached skill level 1 in Translocations
  1683 | D:2      | Reached skill level 1 in Transmutations
  1683 | D:2      | Reached skill level 1 in Fire Magic
  1683 | D:2      | Reached skill level 1 in Ice Magic
  1683 | D:2      | Reached skill level 1 in Air Magic
  1683 | D:2      | Reached skill level 1 in Earth Magic
  1683 | D:2      | Reached skill level 1 in Poison Magic
  1689 | D:2      | Reached XP level 5. HP: 24/40 MP: 8/10
  2220 | D:2      | You fall into a shaft and drop 1 floor!
  2679 | D:3      | Noticed Ijyb
  2844 | D:3      | Killed Ijyb
  2844 | D:3      | Reached XP level 6. HP: 46/47 MP: 11/11
  2883 | D:3      | Found a shimmering altar of Xom.
  2890 | D:3      | Noticed Terence
  2936 | D:3      | Killed Terence
  3396 | D:3      | Found a radiant altar of Vehumet.
  3451 | D:3      | Found a bloodstained altar of Trog.
  3629 | D:3      | Reached skill level 5 in Dodging
  4672 | D:3      | Reached XP level 7. HP: 45/52 MP: 12/12
  5043 | D:3      | Reached skill level 7 in Evocations
  6327 | D:4      | Found a white marble altar of Elyvilon.
  6354 | D:4      | Got a bloodstained glaive
  6379 | D:5      | Entered Level 5 of the Dungeon
  6558 | D:4      | Got a tiger eye-encrusted ring mail
  7094 | D:5      | Reached XP level 8. HP: 59/60 MP: 13/13
  7156 | D:5      | Found an opulent altar of Gozag.
  7225 | D:5      | Identified the +1 ring mail "Otreafim" {rElec SInv} (You
                  | found it on level 4 of the Dungeon)
  7558 | D:5      | Identified the cursed +0 glaive of Petouscha {vorpal, rF++
                  | rC++ Int-4} (You found it on level 4 of the Dungeon)
  8132 | D:5      | Found a staircase to the Ecumenical Temple.
  8186 | Temple   | Entered the Ecumenical Temple
  8435 | Temple   | Became a worshipper of the Wu Jian Council
  9003 | D:6      | Found an iron altar of Okawaru.
  9043 | D:6      | Reached XP level 9. HP: 66/66 MP: 14/14
  9458 | D:6      | Reached * piety under Wu Jian
  9912 | D:7      | Found a shattered altar of Ashenzari.
 10166 | D:7      | Reached skill level 5 in Fighting
 10166 | D:7      | Reached skill level 5 in Short Blades
 10253 | D:7      | Reached skill level 5 in Stealth
 10294 | D:7      | Reached skill level 8 in Evocations
 10414 | D:7      | Noticed a two-headed ogre
 10460 | D:7      | Noticed a red ugly thing
 10505 | D:7      | Killed a two-headed ogre
 10505 | D:7      | Reached skill level 5 in Invocations
 10505 | D:7      | Reached XP level 10. HP: 29/74 MP: 15/17
 10582 | D:7      | Mangled by a red ugly thing

Illustrated notes

Levels and vault maps discovered:
D:1:      dpeg_arrival_stonehenge_8_columns, layout_basic, serial_forest,
          infiniplex_forest_end_3, infiniplex_forest_lined_ring,
          infiniplex_forest_straight_3, infiniplex_forest_clump_curved,
          infiniplex_forest_lined_ring, infiniplex_forest_diagonal,
          infiniplex_forest_end_3, ebering_dispersal_statue_hall
D:2:      layout_rooms, serial_glass, glass_columns_a, glass_columns_a,
          item_on_display_a, item_on_display_a, feat_on_display,
          minmay_strange_pillars, first_ration, uniq_natasha
D:3:      lemuel_castle_with_subvaults [lemuel_castle_interior_carwin_2],
          layout_loops_ring, lemuel_crystal_altar, minitemple,
          mrwooster_statue_mirror, minmay_misc_feat_chi, uniq_terence, uniq_ijyb
D:4:      cheibrodos_helix_gallery, layout_rooms, elyvilon_altar_4
D:5:      layout_basic, lemuel_round_altar, minmay_temple_entry_glassed_door
D:6:      layout_cave_pools, okawaru_metal_pillars_1_2, bh_walls_and_bars
D:7:      layout_loops_ring, tgw_fedhas, kennysheep_mini_moat,
          corexii_leaking_fountain, the_bakery, minmay_shattered_shrine
Temple:   minmay_temple_curvy_branch

Skill      XL: |  1  2  3  4  5  6  7  8  9 |
---------------+----------------------------+-----
Invocations    | 1 2 3 4 5 |  5.2
Long Blades    | 1 2 3 4 |  4.8
Axes           | 1 2 3 4 |  4.8
Maces & Flails | 1 2 3 4 |  4.8
Polearms       | 1 2 3 4 |  4.8
Staves         | 1 2 3 4 |  4.8
Slings         | 1 2 3 4 |  4.8
Bows           | 1 2 3 4 |  4.8
Crossbows      | 1 2 3 4 |  4.8
Throwing       | 1 2 3 4 |  4.8
Armour         | 1 2 3 4 |  4.8
Shields        | 1 2 3 4 |  4.8
Unarmed Combat | 1 2 3 4 |  4.8
Spellcasting   | 1 2 3 4 |  4.8
Conjurations   | 1 2 3 |  3.9
Hexes          | 1 2 3 |  3.9
Charms         | 1 2 3 |  3.9
Summonings     | 1 2 3 |  3.9
Necromancy     | 1 2 3 |  3.9
Translocations | 1 2 3 |  3.9
Transmutations | 1 2 3 |  3.9
Fire Magic     | 1 2 3 |  3.9
Ice Magic      | 1 2 3 |  3.9
Air Magic      | 1 2 3 |  3.9
Earth Magic    | 1 2 3 |  3.9
Poison Magic   | 1 2 3 |  3.9
Fighting       | 3 4 5 |  5.5
Short Blades   | 3 4 5 |  5.5
Stealth        | 3 4 5 |  5.4
Dodging        | 5 6 |  6.7
Evocations     | 7 8 |  8.2

Action                   |  1- 3 |  4- 6 |  7- 9 | 10-12 || total
-------------------------+-------+-------+-------+-------++-------
Melee: Short sword       |    90 |   189 |   279 |       ||   558
       Bite              |    10 |    19 |    59 |     1 ||    89
       Unarmed           |     1 |       |       |       ||     1
       Punch             |       |     1 |     9 |       ||    10
       Glaive            |       |       |    14 |       ||    14
       Falchion          |       |       |   143 |     3 ||   146
Throw: Dart              |       |    87 |   101 |       ||   188
       Stone             |       |    15 |       |       ||    15
       Javelin           |       |     1 |    15 |       ||    16
       Throwing net      |       |       |     3 |       ||     3
Invok: Lunge             |       |       |    14 |       ||    14
       Whirlwind         |       |       |    26 |       ||    26
Evoke: Wand              |    17 |     7 |     4 |       ||    28
  Use: Scroll            |     1 |     2 |    10 |     1 ||    14
       Potion            |       |       |     1 |       ||     1
 Stab: Sleeping          |     1 |     5 |    11 |       ||    17
       Betrayed ally     |     1 |       |       |       ||     1
       Held in net/web   |       |       |     1 |       ||     1
  Eat: Chunk             |     2 |    10 |    19 |       ||    31
Armor: Leather armour    |    21 |    27 |     9 |       ||    57
       Ring mail         |       |       |    99 |     2 ||   101
Dodge: Dodged            |    80 |   128 |   252 |     1 ||   461
       Rpst.: Falchion   |       |       |    22 |       ||    22
